 Dungeon Crawl Stone Soup version 0.30.1-11-g7821555f0a (webtiles) character file.

Game seed: 182154671690025713

1728 leafyfresh the Fighter (level 9, 0/78 HPs)
             Began as a Barachi Delver on Nov 16, 2023.
             Slain by an ogre
             ... wielding a +0 halberd
              (1 damage)
             ... in a bailey.
             The game lasted 00:12:51 (6385 turns).

leafyfresh the Fighter (Barachi Delver)             Turns: 6385, Time: 00:12:51

Health: 0/78       AC: 10    Str: 14    XL:     9   Next: 5%
Magic:  9/9        EV: 12    Int: 10    God:
Gold:   302        SH:  5    Dex: 18    Spells: 8/8 levels left

rFire   . . .        a - +0 falchion
rCold   . . .        (no shield)
rNeg    + . .        n - +3 leather armour {rPois}
rPois   +            (no helmet)
rElec   .            J - +0 cloak
rCorr   .            (no gloves)
SInv    +            m - +2 pair of boots
Will    .....        w - amulet of reflection
Stlth   +++          o - ring of positive energy
HPRegen 0.33/turn    t - ring of see invisible
MPRegen 0.11/turn

%: reflection
@: slow
A: amphibious, slowness 1, strong legs 1, +LOS
a: Hop


You were in a bailey.
You visited 1 branch of the dungeon, and saw 7 of its levels.
You also visited: Bailey.

You collected 302 gold pieces.

Inventory:

Hand Weapons
 a - a +0 falchion (weapon)
 e - a +2 dagger of venom
 v - a +2 dagger of speed
Missiles
 y - 14 poisoned darts
Armour
 b - a +0 leather armour
 m - a +2 pair of boots (worn)
 n - a +3 leather armour of poison resistance (worn)
 J - a +0 cloak (worn)
Jewellery
 o - a ring of positive energy (left hand)
 r - a ring of positive energy
 t - a ring of see invisible (right hand)
 w - an amulet of reflection (around neck)
 I - a ring of willpower
Wands
 g - a wand of digging (2)
 k - a wand of acid (9)
 s - a wand of mindburst (3)
 A - a wand of flame (8)
Scrolls
 c - a scroll of fog
 i - 5 scrolls of teleportation
 j - 3 scrolls of enchant weapon
 p - 4 scrolls of vulnerability
 u - 2 scrolls of noise
 C - a scroll of brand weapon
 E - a scroll of fear
 F - a scroll of poison
 G - a scroll of blinking
Potions
 f - a potion of haste
 h - a potion of magic {unknown}
 l - 3 potions of curing {unknown}
 q - a potion of ambrosia {unknown}
 x - 9 potions of degeneration
 z - 3 potions of invisibility {unknown}
 B - a potion of brilliance {unknown}
 D - 2 potions of heal wounds


   Skills:
 + Level 10.2 Fighting
 + Level 9.8 Long Blades
 - Level 2.1 Dodging
 - Level 4.5 Stealth


You had 8 spell levels left.
You didn't know any spells.
Your spell library contained the following spells:

 Spells                   Type           Power      Damage    Failure   Level
 Freeze                   Ice            0%         1d3       43%         1
 Frozen Ramparts          Ice            0%         1d1       82%         3
 Hailstorm                Conj/Ice       0%         3d3       82%         3
 Cause Fear               Hex            0%         N/A       99%         4
 Dragon Form              Tmut           0%         N/A       100%        7
 Dragon's Call            Summ           0%         N/A       100%        9


Dungeon Overview and Level Annotations

Branches:
Dungeon (7/15)             Temple (0/1) D:7          Bailey (1/1)

Altars:
Dithmenos
Hepliaklqana
Qazlal
Sif Muna
Xom
Zin

Shops:
D:4 [


Innate Abilities, Weirdness & Mutations

You are amphibious.
You cover ground slowly.
You can hop short distances.
You have an extended range of vision and can be seen from far away.


Message History

An ogre comes into view. It is wielding a +0 halberd.
The ogre shouts!
You hear a shout!
Aiming: Dig
Press: ? - help, Shift-Dir - straight line A rock wall.
The rock shatters into small pieces.
Unknown command.
The ogre misses you. The ogre closely misses you. You block the ogre's attack.
You slash the ogre!
The ogre is moderately wounded.
You slash the ogre!
The ogre is heavily wounded.
The ogre hits you with a +0 halberd!
The ogre hits you from afar with a +0 halberd!
You hit the ogre but do no damage.
The ogre is heavily wounded.
The ogre closely misses you.
You hit the ogre.
The ogre is severely wounded.
The ogre hits you from afar with a +0 halberd.
You slash the ogre!
You kill the ogre!
You have reached level 9!
Your experience leads to an increase in your attributes!
Increase (S)trength, (I)ntelligence, or (D)exterity?
You feel agile. x2
You block the ogre's attack.
The ogre hits you from afar with a +0 halberd!!
You see here a +0 halberd.
You barely miss the ogre. The ogre hits you with a +0 halberd.
You barely miss the ogre.
The ogre hits you from afar with a +0 halberd!
* * * LOW HITPOINT WARNING * * *
You hit the ogre but do no damage. The ogre hits you with a +0 halberd!
* * * LOW HITPOINT WARNING * * *
You hit the ogre.
The ogre is lightly wounded.
The ogre hits you from afar with a +0 halberd.
You die...

####### ###.....###
##.........##
##########...........##
#.....@OO....∩...∩....#
##########...........##
##.........##
###~~~~~### #~~~~~#
#~~~~~# #.......#
#.........#
#..######♣..#


You could see 2 ogres.

Vanquished Creatures
  Grinder (D:4)
  Sigmund (D:5)
  An orc warrior (D:5)
  2 black bears (D:5)
  2 ogres
  A phantom (D:5)
  2 bullfrogs (D:6)
  3 howler monkeys (D:7)
  5 orc priests
  3 hounds
  A jelly (D:6)
  Ijyb (D:4)
  4 orc wizards
  A gnoll (D:7)
  7 adders
  An ufetubus (D:6)
  2 worms (D:2)
  2 dart slugs
  21 orcs
  7 endoplasms
  A giant cockroach (D:1)
  9 hobgoblins
  4 jackals (D:1)
  11 kobolds
  6 quokkas
  17 ball pythons
  4 bats
  3 frilled lizards (D:1)
  11 goblins
  5 rats
139 creatures vanquished.

Notes
Turn   | Place    | Note
-------+----------+-------------------------------------------
     0 | D:5      | leafyfresh the Barachi Delver began the quest for the Orb.
     0 | D:5      | Reached XP level 1. HP: 18/18 MP: 1/1
     0 | D:5      | Noticed a hound
    14 | D:5      | Noticed a hound
    21 | D:5      | Killed a hound
    22 | D:5      | Reached skill level 4 in Fighting
    22 | D:5      | Reached XP level 2. HP: 26/26 MP: 2/2
    22 | D:5      | Reached XP level 3. HP: 31/31 MP: 3/3
    58 | D:4      | Found a shimmering altar of Xom.
   210 | D:4      | Noticed Ijyb
   447 | D:3      | Found a shimmering blue altar of Sif Muna.
   464 | D:3      | Reached XP level 4. HP: 38/38 MP: 4/4
   660 | D:3      | Found a glowing silver altar of Zin.
   919 | D:3      | Reached skill level 5 in Fighting
  1566 | D:2      | Reached XP level 5. HP: 35/44 MP: 5/5
  2123 | D:1      | Reached skill level 5 in Long Blades
  3004 | D:3      | Reached skill level 6 in Fighting
  3126 | D:3      | Found a hazy altar of Hepliaklqana.
  3127 | D:3      | Found a shadowy altar of Dithmenos.
  3127 | D:3      | Noticed a shadow
  3195 | D:4      | Found Itech's Antique Armour Shop.
  3234 | D:4      | Killed Ijyb
  3235 | D:4      | Reached XP level 6. HP: 27/52 MP: 6/6
  3837 | D:4      | Noticed Grinder
  3842 | D:4      | Paralysed by Grinder for 5 turns
  3895 | D:4      | Killed Grinder
  3896 | D:4      | Reached skill level 7 in Fighting
  3896 | D:4      | Reached XP level 7. HP: 20/60 MP: 7/7
  4548 | D:5      | Noticed Sigmund
  4576 | D:5      | Killed Sigmund
  4710 | D:5      | Found a stormy altar of Qazlal.
  4848 | D:5      | Reached skill level 8 in Fighting
  4895 | D:5      | Reached XP level 8. HP: 56/69 MP: 8/8
  5521 | D:6      | Reached skill level 9 in Fighting
  6085 | D:7      | Found a flagged portal.
  6113 | D:7      | Reached skill level 10 in Fighting
  6216 | Bailey   | Entered a bailey
  6381 | Bailey   | Reached XP level 9. HP: 51/78 MP: 9/9
  6384 | Bailey   | HP: 1/78 [ogre/+0 halberd (10)]
  6385 | Bailey   | Slain by an ogre

Illustrated notes

Levels and vault maps discovered:
D:1:      arrival_aquarium_a, layout_basic
D:2:      layout_basic, minmay_shallow_snake_nest
D:3:      layout_basic, mainiacjoe_overflow_cross_hatched,
          riverfiend_overflow_shadow_ancestor, nicolae_sif_muna_condensation
D:4:      wad_woods_stonehenge, layout_rooms, serial_shops, shop, st_stairs_14,
          moated_statue, uniq_grinder, uniq_ijyb
D:5:      layout_loops_ring, nicolae_qazlal_general_emergency, uniq_sigmund
D:6:      layout_gridville
D:7:      layout_loops_cross, kennysheep_mini_moat,
          nicolae_kikubaaqudgha_miasma_corner, jmf_multi_god_temple2,
          minmay_temple_entry_statues_fountains, enter_bailey_7
Bailey:   bailey_polearm_enchanted_keep_hellmonk, bailey

Skill      XL: |  1  2  3  4  5  6  7  8 |
---------------+-------------------------+-----
Fighting       | 4 5 6 7 8 10 | 10.2
Long Blades    | 3 4 5 6 7 9 |  9.8
Dodging        | |  2.1
Stealth        | |  4.5

Action                     |  1- 3 |  4- 6 |  7- 9 || total
---------------------------+-------+-------+-------++-------
  Melee: Falchion          |    66 |   143 |   208 ||   417
         Punch             |       |     3 |     4 ||     7
         Dagger            |       |   178 |    50 ||   228
Ability: Hop               |       |     2 |       ||     2
  Evoke: Wand              |       |       |     1 ||     1
    Use: Scroll            |       |     7 |     6 ||    13
         Potion            |       |     3 |       ||     3
   Stab: Sleeping          |     3 |    10 |     1 ||    14
 Armour: Leather armour    |    14 |    47 |    73 ||   134
  Dodge: Dodged            |    46 |   148 |   142 ||   336
  Block: Other             |       |    17 |    45 ||    62
